 Dungeon Crawl Stone Soup version 0.31-a0-1612-g4aaf141 (webtiles) character file.

Game seed: 1290411937822339964

23 PidgeyThePirate the Trooper (level 2, 24/24 HPs)
             Began as a Demonspawn Chaos Knight on Jan 9, 2024.
             Was a Plaything of Xom.
             Got out of the dungeon alive.
             The game lasted 00:00:53 (183 turns).

PidgeyThePirate the Trooper (DsCK)                   Turns: 183, Time: 00:00:53

Health: 24/24      AC:  5    Str: 12    XL:     2   Next: 75%
Magic:  2/2        EV: 11    Int: 12    God:    Xom [..*...]
Gold:   19         SH:  0    Dex: 12    Spells: 1/1 levels left

rFire   . . .        a - +0 hand axe (chaos)
rCold   . . .        (no shield)
rNeg    . . .        b - +2 leather armour
rPois   .            (no helmet)
rElec   .            (no cloak)
rCorr   .            (no gloves)
SInv    .            (no boots)
Will    .....        (no amulet)
Stlth   +            (no ring)
HPRegen 0.24/turn    (no ring)
MPRegen 0.08/turn

%: no passive effects
@: no status effects
A: foul stench 1
a: Renounce Religion


You escaped.
You worshipped Xom.
You were a toy of Xom.
You visited 1 branch of the dungeon, and saw 1 of its levels.

You collected 19 gold pieces.

Inventory:

Hand Weapons
 a - a +0 hand axe of chaos (weapon)
Armour
 b - a +2 leather armour (worn)
Scrolls
 c - a scroll of butterflies


   Skills:
 + Level 3.3 Fighting
 + Level 3.3 Axes
 + Level 1.9 Armour
 + Level 0.8 Dodging


You had one spell level left.
You didn't know any spells.
Your spell library was empty.

Dungeon Overview and Level Annotations

Branches:
Dungeon (1/15)

Altars:


Innate Abilities, Weirdness & Mutations

You may rarely emit foul miasma when damaged in melee.


Message History

The dart slug launches a dart at you. The slug dart hits you.
Found 4 gold pieces.
The dart slug launches a dart at you. The slug dart misses you.
The dart slug launches a dart at you. The slug dart misses you.
Found a bubbling green potion.
The dart slug launches a dart at you. The slug dart hits you.
The dart slug bites you.
The dart slug bites you but does no damage.
You hit the dart slug.
The dart slug suddenly seems more resistant.
Xom is interested.
The dart slug is moderately wounded.
You hit the dart slug.
The dart slug seems to speed up.
Xom is amused.
The dart slug is severely wounded.
The dart slug closely misses you. The dart slug launches a dart at you.
The slug dart misses you.
You barely miss the dart slug.
The dart slug is severely wounded.
The dart slug bites you but does no damage.
You hit the dart slug.
You kill the dart slug!
You see here a dart slug corpse.
You see here a +0 whip.
You see here a +0 club.
You see here a +0 club.
There is a staircase leading out of the dungeon here.
You see here a +0 club.
You see here a +0 whip.
You see here a +0 whip.
You see here a +0 club.
You see here a +0 club.
There is a staircase leading out of the dungeon here.
You can't go down here!
You have escaped!

#.###......####..#.###.####...
#............###.......###....
##)############...............
#####.###.######>#.##......######
......)#..##.##.##. ######...#
#####).........###. .....^
#..........###. .....#.#
#..#.#...)..##. ......# ..
......#.##.###@# .......# .
####.######## ### ......... #..
#.. ##


There were no monsters in sight!

Vanquished Creatures
  A gnoll (D:1)
  2 dart slugs (D:1)
  A bat (D:1)
  2 goblins (D:1)
  2 hobgoblins (D:1)
  A kobold (D:1)
  A frilled lizard (D:1)
10 creatures vanquished.

Notes
Turn   | Place    | Note
-------+----------+-------------------------------------------
     0 | D:1      | PidgeyThePirate the Demonspawn Chaos Knight began the quest
                  | for the Orb.
     0 | D:1      | Reached XP level 1. HP: 18/18 MP: 1/1
    20 | D:1      | Gained mutation: You may rarely emit foul miasma when
                  | damaged in melee. [demonic ancestry]
    20 | D:1      | Reached XP level 2. HP: 22/24 MP: 2/2
    73 | D:1      | XOM: divination: detect creatures
   183 | D:$      | Got out of the dungeon alive.

Illustrated notes

Levels and vault maps discovered:
D:1:      minmay_arrival_jagged, layout_rooms

Skill      XL: |  1 |
---------------+----+-----
Axes           | 3 |  3.3
Fighting       | |  3.3
Armour         | |  1.9
Dodging        | |  0.8

Action                     || total
---------------------------++-------
  Melee: Hand axe          ||    19
         Punch             ||     1
 Armour: Leather armour    ||    14
  Dodge: Dodged            ||    11

Table legend: (Time is in decaauts)
 A = Elapsed time spent in this place.
 B = Non-inter-level travel time spent in this place.
 C = Inter-level travel time spent in this place.
 D = Time resting spent in this place.
 E = Time spent auto-exploring this place.
 F = Levels seen in this place.
 G = Mean time per level.
                   A        B        C        D        E       F      G
               +--------+--------+--------+--------+--------+-----+--------+
         Total |    185 |    102 |     83 |      0 |     38 |   1 |  185.0 |
       Dungeon |    185 |    102 |     83 |      0 |     38 |   1 |  185.0 |
               +--------+--------+--------+--------+--------+-----+--------+

Top non-repeatable levels by time:
     D:1: 185 daAuts
